 Dungeon Crawl Stone Soup version 0.26-a0-20-g5f92b90fa0 (webtiles) character file.

Game seed: 11476185470743193431, levelgen mode: deterministic

25222 MisterFreud the Blocker (level 13, 0/103 HPs)
             Began as a Gnoll Fighter on May 25, 2020.
             Was a High Priest of Ashenzari.
             Killed from afar by a fire dragon (12 damage)
             ... with a blast of flame
             ... in a volcano.
             The game lasted 00:25:49 (13329 turns).

MisterFreud the Blocker (Gnoll Fighter)            Turns: 13329, Time: 00:25:50

Health: 0/103      AC: 10    Str: 19    XL:     13   Next: 18%
Magic:  24/24      EV: 14    Int: 15    God:    Ashenzari [*****.]
Gold:   675        SH: 13    Dex: 15    Spells: 27/27 levels left

rFire    + . .     SeeInvis +   w - +3 scimitar (vamp) (curse)
rCold    . . .     Gourm    .   c - +0 kite shield (curse)
rNeg     . . .     Faith    .   b - +0 scale mail
rPois    +         Spirit   .   (no helmet)
rElec    .         Reflect  .   i - +0 cloak
rCorr    .         Harm     .   (no gloves)
MR       .....     Clarity  +   (no boots)
Stlth    ++........             g - amulet of regeneration
HPRegen  0.67/turn              e - ring of poison resistance
MPRegen  0.19/turn              p - ring of protection from fire

@: no status effects
A: distributed training, fangs 1, strong nose
a: Curse Item, Scrying, Renounce Religion


You were in a volcano.
You worshipped Ashenzari.
Ashenzari was extremely pleased with you.
You were not hungry.

You visited 3 branches of the dungeon, and saw 16 of its levels.
You also visited: Volcano.

You collected 866 gold pieces.
You spent 191 gold pieces at shops.

Inventory:

Hand Weapons
 a - a +0 rapier
 w - a cursed +3 vampiric scimitar (weapon)
Missiles
 n - 2 throwing nets
 q - 12 poisoned darts
 y - a silver boomerang (quivered)
 A - 5 boomerangs of dispersal
 J - 2 datura-tipped darts
 P - 6 boomerangs
 Q - 11 atropa-tipped darts
Armour
 b - a +0 scale mail (worn)
 c - a cursed +0 kite shield (worn)
 i - a +0 cloak (worn)
 B - the +3 robe of Tenacity {rPois rF+ Str-4 Stlth+}
   (You found it on level 5 of the Dungeon)

   It affects your strength (-4).
   It protects you from fire.
   It protects you from poison.
   It makes you more stealthy.
Jewellery
 e - a ring of poison resistance (left hand)
 g - an amulet of regeneration (around neck)
 p - a ring of protection from fire (right hand)
 C - an uncursed ring of ice
 M - an uncursed amulet of magic regeneration
 R - an uncursed ring of magical power
Wands
 r - a wand of paralysis (21)
Scrolls
 j - 2 scrolls of enchant weapon {unknown}
 k - a scroll of blinking
 l - 2 scrolls of noise {unknown}
 m - a scroll of random uselessness {unknown}
 s - 8 scrolls of teleportation
 v - 3 scrolls of fear {unknown}
 z - 3 scrolls of fog {unknown}
 D - a scroll of magic mapping
 E - 2 scrolls of amnesia {unknown}
 I - 7 scrolls of identify
 L - 4 scrolls of remove curse
 T - a scroll of brand weapon {unknown}
 U - 2 scrolls of immolation {unknown}
Potions
 d - 2 potions of might
 h - 3 potions of haste
 o - 2 potions of flight
 t - 6 potions of curing
 u - 2 potions of brilliance
 x - a potion of berserk rage
 F - 4 potions of lignification
 G - a potion of ambrosia
 H - a potion of resistance
 K - 2 potions of invisibility
Miscellaneous
 N - a tin of tremorstones (1/3)
Comestibles
 f - 26 rations
 S - 12 chunks of flesh


   Skills:
 + Level 10.2 Fighting
 + Level 9.2 Short Blades
 + Level 7.9(11.9) Long Blades
 + Level 7.9 Axes
 + Level 7.9 Maces & Flails
 + Level 7.9 Polearms
 + Level 7.9 Staves
 + Level 7.9 Slings
 + Level 7.9 Bows
 + Level 7.9 Crossbows
 + Level 7.9 Throwing
 + Level 10.2 Armour
 + Level 7.9 Dodging
 + Level 7.9 Stealth
 + Level 10.2(12.7) Shields
 + Level 7.9 Unarmed Combat
 + Level 7.9 Spellcasting
 + Level 6.6 Conjurations
 + Level 6.6 Hexes
 + Level 6.6 Charms
 + Level 6.6 Summonings
 + Level 6.6 Necromancy
 + Level 6.6 Translocations
 + Level 6.6 Transmutations
 + Level 6.6 Fire Magic
 + Level 6.6 Ice Magic
 + Level 6.6 Air Magic
 + Level 6.6 Earth Magic
 + Level 6.6 Poison Magic
 + Level 8.7 Invocations
 + Level 7.9 Evocations


You had 27 spell levels left.
You didn't know any spells.
Your spell library contained the following spells:

 Spells                   Type           Power        Failure   Level  Hunger
 Corona                   Hex            ####...      2%          1    None
 Summon Small Mammal      Summ           ####         2%          1    None
 Call Imp                 Summ           ####....     4%          2    None
 Ensorcelled Hibernation  Hex/Ice        ####..       4%          2    None
 Call Canine Familiar     Summ           ####....     8%          3    ##.....
 Confusing Touch          Hex            ####....     8%          3    ##.....
 Dazzling Flash           Conj/Hex       ####..       8%          3    ##.....
 Summon Guardian Golem    Hex/Summ       ####....     8%          3    ##.....
 Tukima's Dance           Hex            ####....     8%          3    ##.....
 Summon Ice Beast         Ice/Summ       ####....     26%         4    ####...
 Summon Lightning Spire   Summ/Air       ####....     26%         4    ####...


Dungeon Overview and Level Annotations

Branches:
Dungeon (13/15)            Temple (1/1) D:4            Lair (2/6) D:11
 Shoals (0/4) Lair:2          Orc (0/2) D:9         Volcano (1/1)
  Snake: Lair:2-4    Spider: Lair:2-4    Vaults: D:13-14

Altars:
Ashenzari
Cheibriados
Dithmenos
Elyvilon
Fedhas
Gozag
Hepliaklqana
Makhleb
Nemelex Xobeh
Okawaru
Qazlal
Ru
Uskayaw
Vehumet
Wu Jian
The Shining One

Shops:
D:7 %   D:8 *[*   D:10 =

Annotations:
D:5 3 runed translucent doors, vurker's ghost, novice HOFi
D:8 1 runed translucent door, emiel's ghost, novice CeBe


Innate Abilities, Weirdness & Mutations

Your experience applies equally to all skills.
You have very sharp teeth.
Your uncanny sense of smell can sniff out nearby items.


Message History

The fire dragon claws you.
* * * LOW HITPOINT WARNING * * *
The fire dragon tramples you.
* * * LOW HITPOINT WARNING * * *
You hold your ground!
Unknown command.
Your shield and scale mail prevent you from hitting the fire dragon.
The fire dragon is almost dead.
The fire dragon bites you.
* * * LOW HITPOINT WARNING * * *
The fire dragon claws you!
* * * LOW HITPOINT WARNING * * *
The fire dragon closely misses you.
Unknown command.
Unknown command.
You hit the fire dragon but do no damage.
The fire dragon is almost dead.
The fire dragon breathes flames at you. The blast of flame hits you!
You resist.
You die...

** ≈#* #P.P♣§§≈≈≈♣♣♣...PP
≈≈≈§# ...P§§≈≈§♣♣.P.♣P§ ≈
≈≈####♣P.≈≈§§≈§♣P.♣.♣§§ *
§§≈§§§≈≈≈§§≈°§♣...)♣§§ ≈ *,,
,♣§§≈≈♣.P§§§≈≈♣♣P§..≈≈ *,
*♣§§≈§P..P§§≈§≈♣§.P.≈≈ * ≈
,,∆, *♣≈P....)♣♣≈≈§§§♣.P≈§ ∩
,, ,♣.♣.D.♣.P..♣♣≈§≈§P.♣♣≈
≈, ,, ♣...)@≈.♣...♣♣≈§♣♣..P§
≈ *, ,♣♣.P♣≈≈≈..P.P♣≈§§♣♣...
* , , ♣.♣♣≈≈≈§♣...♣≈§§§.P.P
, ,,{ ...♣≈≈≈§≈§..♣♣≈≈≈≈P..P
* , ,
...♣♣≈≈≈≈≈§♣..♣≈≈≈≈♣...
♣...♣♣§≈≈○§≈...♣♣≈≈≈≈§P.. **
* ...P♣≈≈§≈≈≈♣..P♣≈≈°≈§≈§♣♣
≈,,.P.♣♣≈≈§≈§P..P♣♣°≈≈○§≈♣..
* ≈≈* *
♣§§§§§§§..♣♣§≈§≈≈≈§♣..


You could see a fire dragon (catching breath).

Vanquished Creatures
  Josephine (D:12)
  A centaur warrior (D:13)
  2 two-headed ogres
  3 salamanders (Volcano)
  2 ugly things
  2 cyclopes
  A centaur zombie (D:12)
  2 black mambas
  6 orange demons (D:11)
  A spiny frog (Lair:1)
  Maggie (Lair:1)
  2 komodo dragons
  A red devil (D:11)
  3 trolls
  Prince Ribbit (D:6)
  A slime creature (Lair:1)
  Grinder (D:6)
  3 hippogriffs
  A spriggan (D:7)
  A shadow (D:11)
  4 wraiths (D:12)
  4 wyverns
  8 fire bats (Volcano)
  A basilisk (Lair:1)
  A hungry ghost (D:8)
  21 yaks
  A steam dragon (Volcano)
  Grum (D:10)
  Menkaure (D:4)
  2 wargs (D:9)
  4 porcupines
  A water moccasin (Lair:1)
  An ice beast (D:5)
  A sky beast (D:11)
  4 orc warriors
  A black bear (D:9)
  11 ogres
  A phantom (D:9)
  9 wolves
  A necrophage (D:8)
  9 crocodiles
  3 centaurs
  Blork the orc (D:4)
  A wyvern zombie (D:9)
  7 bullfrogs
  7 scorpions
  12 killer bees
  2 howler monkeys (D:11)
  8 wights
  4 crimson imps
  A bullfrog zombie (D:9)
  10 jellies
  Crazy Yiuf (D:2)
  2 bullfrog skeletons
  4 centaur skeletons
  6 orc priests
  9 hounds
  5 orc wizards
  2 iguanas
  6 worker ants
  A killer bee zombie (D:10)
  A worker ant zombie (D:8)
  10 gnolls
  A howler monkey skeleton (D:4)
  13 adders
  3 shadow imps
  14 oozes
  An adder zombie (D:9)
  2 adder skeletons
  A dart slug (D:1)
  5 worms
  7 leopard geckos
  36 orcs
  2 ball pythons
  6 giant cockroaches
  4 goblins
  6 hobgoblins
  8 jackals
  4 quokkas
  10 bats
  4 frilled lizards
  4 kobolds
  2 leopard gecko skeletons
  A leopard gecko zombie (D:7)
  2 quokka skeletons
  4 rats
366 creatures vanquished.

Vanquished Creatures (others)
  A steam dragon (Volcano)
  4 fungi (Lair:1)
  14 plants (Volcano)
19 creatures vanquished.

Grand Total: 385 creatures vanquished

Notes
Turn   | Place    | Note
-------+----------+-------------------------------------------
     0 | D:1      | MisterFreud the Gnoll Fighter began the quest for the Orb.
     0 | D:1      | Reached XP level 1. HP: 23/23 MP: 1/1
   107 | D:1      | Reached XP level 2. HP: 15/29 MP: 2/2
   882 | D:2      | Reached XP level 3. HP: 32/35 MP: 3/3
   914 | D:2      | Found a sparkling altar of Nemelex Xobeh.
  1056 | D:2      | Found an ornate altar of the Wu Jian Council.
  1137 | D:2      | Reached skill level 1 in Invocations
  1349 | D:2      | Reached skill level 1 in Long Blades
  1349 | D:2      | Reached skill level 1 in Axes
  1349 | D:2      | Reached skill level 1 in Maces & Flails
  1349 | D:2      | Reached skill level 1 in Polearms
  1349 | D:2      | Reached skill level 1 in Staves
  1349 | D:2      | Reached skill level 1 in Slings
  1349 | D:2      | Reached skill level 1 in Bows
  1349 | D:2      | Reached skill level 1 in Crossbows
  1349 | D:2      | Reached skill level 1 in Throwing
  1349 | D:2      | Reached skill level 1 in Dodging
  1349 | D:2      | Reached skill level 1 in Stealth
  1349 | D:2      | Reached skill level 1 in Unarmed Combat
  1349 | D:2      | Reached skill level 1 in Spellcasting
  1349 | D:2      | Reached skill level 1 in Evocations
  1359 | D:2      | Reached XP level 4. HP: 30/41 MP: 5/5
  1481 | D:2      | Found a runed translucent door.
  1482 | D:2      | Noticed Crazy Yiuf
  1899 | D:2      | HP: 1/41 [Crazy Yiuf/+2 quarterstaff of chaos (10)]
  1903 | D:2      | Killed Crazy Yiuf
  1903 | D:2      | Reached skill level 1 in Conjurations
  1903 | D:2      | Reached skill level 1 in Hexes
  1903 | D:2      | Reached skill level 1 in Charms
  1903 | D:2      | Reached skill level 1 in Summonings
  1903 | D:2      | Reached skill level 1 in Necromancy
  1903 | D:2      | Reached skill level 1 in Translocations
  1903 | D:2      | Reached skill level 1 in Transmutations
  1903 | D:2      | Reached skill level 1 in Fire Magic
  1903 | D:2      | Reached skill level 1 in Ice Magic
  1903 | D:2      | Reached skill level 1 in Air Magic
  1903 | D:2      | Reached skill level 1 in Earth Magic
  1903 | D:2      | Reached skill level 1 in Poison Magic
  2017 | D:3      | Reached XP level 5. HP: 47/47 MP: 6/6
  2330 | D:3      | Found a blossoming altar of Fedhas.
  2628 | D:4      | Reached XP level 6. HP: 53/53 MP: 8/8
  2682 | D:4      | Found a staircase to the Ecumenical Temple.
  2731 | D:4      | Noticed Menkaure
  2739 | D:4      | Killed Menkaure
  2739 | D:4      | Reached skill level 5 in Short Blades
  2751 | Temple   | Entered the Ecumenical Temple
  2757 | Temple   | Became a worshipper of Ashenzari the Shackled
  2794 | D:4      | Noticed Blork the orc
  2812 | D:4      | Killed Blork the orc
  2812 | D:4      | Reached XP level 7. HP: 21/59 MP: 10/10
  2889 | D:4      | Found an iron altar of Okawaru.
  3521 | D:5      | Entered Level 5 of the Dungeon
  3633 | D:5      | Reached XP level 8. HP: 67/67 MP: 12/12
  3892 | D:5      | Found a snail-covered altar of Cheibriados.
  3917 | D:5      | Found a runed translucent gate.
  3917 | D:5      | Found a runed translucent gate.
  3917 | D:5      | Found a runed translucent gate.
  3918 | D:5      | Found an opulent altar of Gozag.
  3919 | D:5      | Noticed vurker's ghost (novice HOFi)
  3994 | D:5      | Reached * piety under Ashenzari
  4008 | D:5      | Got the uncursed robe of Tenacity {rPois rF+ Str-4 Stlth+}
  4021 | D:4      | Found an iron altar of Okawaru.
  4182 | D:6      | Found a burning altar of Makhleb.
  4397 | D:6      | Noticed Prince Ribbit
  4425 | D:6      | Killed Prince Ribbit
  4640 | D:6      | Reached XP level 9. HP: 72/72 MP: 14/14
  4662 | D:6      | Found a white marble altar of Elyvilon.
  4879 | D:6      | Found a hazy altar of Hepliaklqana.
  4952 | D:6      | Noticed Grinder
  4977 | D:6      | Paralysed by Grinder for 2 turns
  4981 | D:6      | Killed Grinder
  5538 | D:7      | Found Zateised's Food Emporium.
  5594 | D:7      | Reached ** piety under Ashenzari
  6077 | D:8      | Found a runed translucent door.
  6078 | D:8      | Noticed emiel's ghost (novice CeBe)
  6353 | D:8      | Found Poibeol's Antique Armour Shoppe.
  6357 | D:8      | Found Suvooh's Assorted Antiques.
  6371 | D:8      | Bought a scroll of remove curse for 84 gold pieces
  6371 | D:8      | Bought a fizzy sapphire potion for 25 gold pieces
  6371 | D:8      | Bought a scroll labeled SAMEBU APHE for 28 gold pieces
  6378 | D:8      | Noticed a purple ugly thing
  6397 | D:8      | Killed a purple ugly thing
  6397 | D:8      | Reached skill level 5 in Invocations
  6625 | D:8      | Noticed a two-headed ogre
  6646 | D:8      | Killed a two-headed ogre
  6646 | D:8      | Reached XP level 10. HP: 78/80 MP: 15/17
  6658 | D:8      | Reached skill level 5 in Long Blades
  6658 | D:8      | Reached skill level 5 in Axes
  6658 | D:8      | Reached skill level 5 in Maces & Flails
  6658 | D:8      | Reached skill level 5 in Polearms
  6658 | D:8      | Reached skill level 5 in Staves
  6658 | D:8      | Reached skill level 5 in Slings
  6658 | D:8      | Reached skill level 5 in Bows
  6658 | D:8      | Reached skill level 5 in Crossbows
  6658 | D:8      | Reached skill level 5 in Throwing
  6658 | D:8      | Reached skill level 5 in Dodging
  6658 | D:8      | Reached skill level 5 in Stealth
  6658 | D:8      | Reached skill level 5 in Unarmed Combat
  6658 | D:8      | Reached skill level 5 in Spellcasting
  6658 | D:8      | Reached skill level 5 in Evocations
  6797 | D:8      | Found Tediereh's Assorted Antiques.
  6805 | D:8      | Bought a scroll labeled POASACROMN for 27 gold pieces
  6805 | D:8      | Bought a scroll labeled QIUCHALOE for 27 gold pieces
  7166 | D:9      | Found a staircase to the Orcish Mines.
  7275 | D:9      | Reached *** piety under Ashenzari
  7720 | D:9      | Found a stormy altar of Qazlal.
  7959 | D:10     | Entered Level 10 of the Dungeon
  7977 | D:10     | Noticed a cyclops
  8006 | D:10     | Noticed Grum
  8012 | D:9      | Reached XP level 11. HP: 87/87 MP: 19/19
  8112 | D:9      | Killed a cyclops
  8131 | D:10     | Killed Grum
  8573 | D:10     | Reached skill level 5 in Conjurations
  8573 | D:10     | Reached skill level 5 in Hexes
  8573 | D:10     | Reached skill level 5 in Charms
  8573 | D:10     | Reached skill level 5 in Summonings
  8573 | D:10     | Reached skill level 5 in Necromancy
  8573 | D:10     | Reached skill level 5 in Translocations
  8573 | D:10     | Reached skill level 5 in Transmutations
  8573 | D:10     | Reached skill level 5 in Fire Magic
  8573 | D:10     | Reached skill level 5 in Ice Magic
  8573 | D:10     | Reached skill level 5 in Air Magic
  8573 | D:10     | Reached skill level 5 in Earth Magic
  8573 | D:10     | Reached skill level 5 in Poison Magic
  8664 | D:10     | Found Hanynlon's Jewellery Shop.
  8711 | D:10     | Reached **** piety under Ashenzari
  9779 | D:11     | Found a staircase to the Lair.
 10278 | D:11     | Reached XP level 12. HP: 96/96 MP: 22/22
 10960 | D:12     | Noticed Josephine
 10985 | D:12     | Killed Josephine
 11527 | D:13     | Noticed a centaur warrior
 11542 | D:13     | Killed a centaur warrior
 11616 | Lair:1   | Entered Level 1 of the Lair of Beasts
 11667 | Lair:1   | Reached ***** piety under Ashenzari
 12289 | Lair:1   | Noticed Maggie
 12350 | Lair:1   | Killed Maggie
 12695 | Lair:2   | Found a staircase to the Shoals.
 12726 | Lair:2   | Reached skill level 10 in Fighting
 12726 | Lair:2   | Reached skill level 10 in Armour
 12726 | Lair:2   | Reached skill level 10 in Shields
 12749 | Lair:2   | Found a dark tunnel.
 12800 | Volcano  | Entered a volcano
 13071 | Volcano  | Reached XP level 13. HP: 71/103 MP: 24/24
 13287 | Volcano  | Noticed a fire dragon
 13329 | Volcano  | Killed from afar by a fire dragon

Illustrated notes

Levels and vault maps discovered:
D:1:      sevenhm_arrival_forest_fort_large_4, layout_loops_cross
D:2:      layout_loops_corners, lemuel_doored_altar,
          nemelex_xobeh_ov_fountains_minmay, uniq_crazy_yiuf_cottage
D:3:      layout_rooms, nicolae_overflow_crystal_walls, first_ration
D:4:      lemuel_upstairs_altar, layout_cave_pods, okawaru_gym_becter,
          temple_fountains, uniq_blork_the_orc, uniq_menkaure
D:5:      layout_rooms, marbit_many_paths, ebering_ghost_gozag
D:6:      layout_basic, lemuel_round_altar, old_standard_altar,
          kennysheep_mini_moat, uniq_prince_ribbit1, uniq_grinder
D:7:      layout_cave_pods, serial_shops, nicolae_shop_window_shopping,
          the_bakery
D:8:      layout_cave_pods, gammafunk_ghost_grave, serial_shops,
          nicolae_shop_behind_doors, shop, nicolae_shop_stone
D:9:      layout_loops_corners, david_orc_3, serial_glass, glass_columns_c,
          glass_columns_b, minmay_strange_pillars, feat_on_display,
          nicolae_qazlal_style_of_elements
D:10:     layout_layer_cave, serial_shops, shop, minmay_sticks_and_stones,
          uniq_grum
D:11:     layout_basic, lair_entry_dummy, special_room [special_room_orc],
          minmay_beelzebubs_servants
D:12:     layout_stronghold, uniq_josephine
D:13:     minmay_polygon_palace, layout_loops_ring,
          grunt_vaults_entry_fortified, uniq_azrael
Temple:   eino_narrow_crystal_temple
Lair:1:   lemuel_slime, layout_regular_city, minmay_stone_trees_small,
          fungi_pond_lemuel, beast_lair_carwin_4, uniq_maggie
Lair:2:   layout_chaotic_city, shoals_dummy_entry, spider_nest_entry_a,
          lightli_volcano_entry_magma_tube, gammafunk_ghost_split,
          serial_bayou_lagoon_b
Volcano:  pf_volcano_lost_world

Skill      XL: |  1  2  3  4  5  6  7  8  9 10 11 12 |
---------------+-------------------------------------+-----
Invocations    | 1 2 3 4 5 6 7 8 |  8.7
Long Blades    | 1 2 3 4 5 6 7 |  7.9
Axes           | 1 2 3 4 5 6 7 |  7.9
Maces & Flails | 1 2 3 4 5 6 7 |  7.9
Polearms       | 1 2 3 4 5 6 7 |  7.9
Staves         | 1 2 3 4 5 6 7 |  7.9
Slings         | 1 2 3 4 5 6 7 |  7.9
Bows           | 1 2 3 4 5 6 7 |  7.9
Crossbows      | 1 2 3 4 5 6 7 |  7.9
Throwing       | 1 2 3 4 5 6 7 |  7.9
Dodging        | 1 2 3 4 5 6 7 |  7.9
Stealth        | 1 2 3 4 5 6 7 |  7.9
Unarmed Combat | 1 2 3 4 5 6 7 |  7.9
Spellcasting   | 1 2 3 4 5 6 7 |  7.9
Evocations     | 1 2 3 4 5 6 7 |  7.9
Conjurations   | 1 2 3 4 5 6 |  6.6
Hexes          | 1 2 3 4 5 6 |  6.6
Charms         | 1 2 3 4 5 6 |  6.6
Summonings     | 1 2 3 4 5 6 |  6.6
Necromancy     | 1 2 3 4 5 6 |  6.6
Translocations | 1 2 3 4 5 6 |  6.6
Transmutations | 1 2 3 4 5 6 |  6.6
Fire Magic     | 1 2 3 4 5 6 |  6.6
Ice Magic      | 1 2 3 4 5 6 |  6.6
Air Magic      | 1 2 3 4 5 6 |  6.6
Earth Magic    | 1 2 3 4 5 6 |  6.6
Poison Magic   | 1 2 3 4 5 6 |  6.6
Short Blades   | 5 6 7 8 9 |  9.2
Fighting       | 7 8 9 10 | 10.2
Armour         | 7 8 9 10 | 10.2
Shields        | 7 8 9 10 | 10.2

Action                   |  1- 3 |  4- 6 |  7- 9 | 10-12 | 13-15 || total
-------------------------+-------+-------+-------+-------+-------++-------
Melee: Rapier            |   105 |   207 |   369 |       |       ||   681
       Bite              |     9 |    34 |    49 |   167 |    16 ||   275
       Scimitar          |       |       |    34 |   956 |    92 ||  1082
Throw: Boomerang         |       |       |    43 |       |     1 ||    44
Invok: Curse Item        |       |     2 |     1 |       |       ||     3
Evoke: Wand              |       |       |     4 |       |     2 ||     6
       Tin of tremorston |       |       |       |     3 |     1 ||     4
  Use: Potion            |       |     3 |     1 |     1 |     1 ||     6
       Scroll            |       |     1 |     6 |     4 |       ||    11
 Stab: Distracted        |       |       |     1 |     2 |       ||     3
       Sleeping          |       |       |       |    10 |       ||    10
  Eat: Chunk             |     1 |     5 |    15 |    23 |     1 ||    45
Armor: Scale mail        |    41 |    59 |    79 |   193 |    16 ||   388
Dodge: Dodged            |    26 |    48 |   112 |   364 |    44 ||   594
Block: Kite shield       |    55 |   109 |   187 |   543 |    53 ||   947
       Rpst.: Scimitar   |       |       |     4 |   107 |    15 ||   126

Table legend:
 A = Non-vault XP
 B = Vault XP
 C = Vault XP percentage of total XP
 D = Non-vault monster count
 E = Vault monster count
 F = Vault count percentage of total count
                 A         B        C        D         E       F
            +---------+---------+-------+---------+---------+-------
      Total |   20802 |   15230 |  42.3 |     271 |      95 |  26.0
            +---------+---------+-------+---------+---------+-------
        D:1 |      33 |       0 |   0.0 |      13 |       0 |   0.0
        D:2 |      90 |      41 |  31.3 |      21 |       1 |   4.5
        D:3 |     147 |       0 |   0.0 |      32 |       0 |   0.0
        D:4 |     558 |     264 |  32.1 |      16 |       2 |  11.1
        D:5 |     405 |     110 |  21.4 |      16 |       1 |   5.9
        D:6 |     646 |     553 |  46.1 |      21 |       2 |   8.7
        D:7 |     317 |     224 |  41.4 |      14 |       1 |   6.7
        D:8 |    2268 |       0 |   0.0 |      17 |       0 |   0.0
        D:9 |    2799 |    1372 |  32.9 |      24 |      11 |  31.4
       D:10 |    1716 |     180 |   9.5 |      28 |       1 |   3.4
       D:11 |    3937 |    3459 |  46.8 |      31 |      23 |  42.6
       D:12 |    3310 |    1865 |  36.0 |      18 |       5 |  21.7
       D:13 |    1019 |       0 |   0.0 |       2 |       0 |   0.0
     Lair:1 |    2228 |    1220 |  35.4 |      10 |      23 |  69.7
     Lair:2 |    1329 |       0 |   0.0 |       8 |       0 |   0.0
    Volcano |       0 |    5942 | 100.0 |       0 |      25 | 100.0
            +---------+---------+-------+---------+---------+-------
